 Dungeon Crawl Stone Soup version 0.26-a0-672-g1df16c3386 (console) character file.

Game seed: 16544603132534762268

17609 om the Spry (level 12, -3/91 HPs)
             Began as a Merfolk Summoner on Oct 17, 2020.
             Was a Believer of Fedhas.
             Slain by an ice dragon (6 damage)
             ... in an ice cave on Oct 19, 2020.
             The game lasted 00:51:19 (24576 turns).

om the Spry (Merfolk Summoner)                     Turns: 24576, Time: 00:51:19

Health: -3/91      AC:  7    Str: 12    XL:     12   Next: 49%
Magic:  11/16      EV: 24    Int: 16    God:    Fedhas [**....]
Gold:   994        SH:  0    Dex: 20    Spells: 7/17 levels left

rFire    x . .     SeeInvis .   s - +0 spear (venom)
rCold    + . .     Faith    .   (no shield)
rNeg     . . .     Spirit   .   z - +0 troll leather armour
rPois    .         Reflect  .   (no helmet)
rElec    .         Harm     .   (no cloak)
rCorr    .         Rampage  .   (no gloves)
MR       .....                  g - +2 pair of boots
Stlth    +++.......             (no amulet)
HPRegen  0.65/turn              E - +6 ring of dexterity
MPRegen  0.15/turn              H - ring of ice

@: no status effects
A: change form in water, swift swim, stealthy swim
a: Wall of Briars, Renounce Religion


You were in an ice cave.
You worshipped Fedhas.
Fedhas was pleased with you.
You visited 3 branches of the dungeon, and saw 14 of its levels.
You also visited: Ice Cave.

You collected 994 gold pieces.

Inventory:

Hand Weapons
 s - a +0 spear of venom (weapon)
 y - the +4 dagger "Hieph" {freeze, rF+ MR+ Str-2}
   (You found it on level 6 of the Dungeon)

   It has been specially enchanted to freeze those struck by it, causing extra
   injury to most foes and up to half again as much damage against particularly
   susceptible opponents.
   It can also slow down cold-blooded creatures.
   It affects your strength (-2).
   It protects you from fire.
   It affects your resistance to hostile enchantments.
Armour
 d - the +2 leather armour "Cifaetom" {rF- rC+ rN+}
   (You found it on level 5 of the Dungeon)

   It makes you vulnerable to fire.
   It protects you from cold.
   It protects you from negative energy.
 g - a +2 pair of boots (worn)
 q - a +0 robe of magic resistance
 z - a +0 troll leather armour (worn)
Jewellery
 j - an uncursed amulet of magic regeneration {unknown}
 x - an uncursed ring of fire
 E - a +6 ring of dexterity (left hand)
 G - a +6 ring of dexterity
 H - a ring of ice (right hand)
Wands
 c - a wand of random effects (14)
 r - a wand of acid (2)
 A - a wand of polymorph (21)
 B - a wand of flame (14)
 D - a wand of disintegration (8)
Scrolls
 h - a scroll of vulnerability {unknown}
 k - 5 scrolls of teleportation
 m - 2 scrolls of immolation
 n - a scroll of blinking
 o - 3 scrolls of magic mapping
 t - a scroll of fear
 u - 2 scrolls of amnesia
 w - 2 scrolls of remove curse
 C - 2 scrolls of enchant weapon
Potions
 a - a potion of flight
 e - 2 potions of might
 f - 6 potions of curing
 i - a potion of brilliance
 l - a potion of magic
 p - a potion of resistance
 v - 2 potions of haste


   Skills:
 - Level 7.0 Fighting
 - Level 10.0 Polearms
 * Level 15.3 Dodging
 - Level 5.0 Stealth
 - Level 3.0 Spellcasting
 * Level 9.1 Summonings
 + Level 3.9 Air Magic
 - Level 6.0 Invocations
 - Level 5.0 Evocations


You had 7 spell levels left.
You knew the following spells:

 Your Spells              Type           Power        Failure   Level
a - Summon Small Mammal   Summ           ####         1%          1
b - Call Imp              Summ           ####....     1%          2
c - Call Canine Familiar  Summ           ####....     1%          3
d - Summon Lightning Spi  Summ/Air       ###.....     16%         4

Your spell library contained the following spells:

 Spells                   Type           Power        Failure   Level
 Summon Guardian Golem    Hex/Summ       ###.....     11%         3
 Corona                   Hex            #......      24%         1
 Foxfire                  Conj/Fire      #...         24%         1
 Ensorcelled Hibernation  Hex/Ice        #.....       34%         2
 Summon Ice Beast         Ice/Summ       ####....     36%         4
 Confusing Touch          Hex            #.......     56%         3
 Conjure Flame            Conj/Fire      #.......     56%         3
 Dazzling Flash           Conj/Hex       #.....       56%         3
 Inner Flame              Hex/Fire       #.......     56%         3
 Tukima's Dance           Hex            #.......     56%         3
 Cause Fear               Hex            #.........   93%         4
 Sticky Flame             Conj/Fire      #.......     93%         4
 Silence                  Hex/Air        #.........   96%         5
 Fireball                 Conj/Fire      #.........   100%        5
 Yara's Violent Unravell  Hex/Tmut       #.........   100%        5
 Discord                  Hex            #.........   100%        8


Dungeon Overview and Level Annotations

Branches:
Dungeon (12/15)            Temple (1/1) D:4            Lair (1/6) D:10
    Orc (0/2) D:10          IceCv (1/1)

Altars:
Ashenzari
Cheibriados
Dithmenos
Elyvilon
Fedhas
Gozag
Hepliaklqana
Kikubaaqudgha
Makhleb
Nemelex Xobeh
Okawaru
Qazlal
Ru
Sif Muna
Trog
Uskayaw
Vehumet
Wu Jian
Xom
Yredelemnul
Zin
The Shining One

Annotations:
D:4 1 runed translucent door, somkeydreadnuts's ghost, amateur DDTm IceCv exclusion: 2 ice statues


Message History

The blast of cold hits you! You resist.
You hit the ice dragon but do no damage.
The ice dragon breathes frost at you. The blast of cold misses you.
The ice dragon completely misses you. The ice dragon claws you!
The ice dragon barely misses you.
You hit the ice dragon but do no damage.
The ice dragon looks even sicker.
The ice dragon is lightly wounded.
A briar patch grows up from the ground.
The ice dragon misses you. The ice dragon completely misses you.
The ice dragon tramples you.
You hold your ground!
The ice dragon bites you! The ice dragon claws you!
The ice dragon completely misses you.
You walk carefully through the plants.
The ice dragon bites you! The ice dragon claws you.
* * * LOW HITPOINT WARNING * * *
The ice dragon closely misses you. The ice dragon barely misses you.
The ice dragon claws you!
* * * LOW HITPOINT WARNING * * *
The ice dragon completely misses you. The ice dragon misses you.
The ice dragon claws you!
* * * LOW HITPOINT WARNING * * *
The ice dragon tramples you.
You die...
Fedhas appreciates your contribution to the ecosystem.

$$...#
.....
....
...##
...# ..#
##D#
##PD#
#...#
#####..#
##.@D#.##
#..#D..#
##.##..#
#..#.##
###.###
##...#
##..###
##..##
#..##
#..# #..#
.....#
#..#


You could see 2 ice dragons.

Vanquished Creatures
  Harold (D:11)
  5 two-headed ogres
  2 ugly things (D:11)
  A manticore (D:11)
  A centaur zombie (D:10)
  A cane toad (D:10)
  A rime drake (IceCv)
  A kobold demonologist (D:11)
  A komodo dragon (D:10)
  A troll (D:11)
  A slime creature (D:11)
  A redback (D:11)
  A wraith (D:11)
  3 yaks (Lair:1)
  A basilisk (D:11)
  A human (D:10)
  A warg (D:10)
  20 soldier ants
  A water moccasin (Lair:1)
  5 orc warriors
  17 ice beasts
  5 sky beasts
  A black bear (D:9)
  7 ogres
  3 centaurs
  3 big kobolds
  A bullfrog (D:11)
  A wyvern skeleton (D:11)
  2 scorpions (D:9)
  5 killer bees
  5 wights
  7 howler monkeys
  4 hounds
  3 jellies
  A centaur skeleton (D:7)
  4 orc priests
  3 bullfrog skeletons
  4 iguanas
  23 worker ants
  15 orc wizards
  Natasha (D:2)
  2 hound skeletons
  A worker ant zombie (D:11)
  A howler monkey skeleton (D:9)
  8 adders
  4 white imps
  2 ufetubi
  An adder zombie (D:8)
  A worm (D:5)
  A dart slug (D:1)
  2 leopard geckos
  30 orcs
  A ball python (D:8)
  4 giant cockroaches
  6 goblins
  5 hobgoblins
  6 jackals
  2 quokkas
  A ball python skeleton (D:4)
  2 bats (D:3)
  3 frilled lizards
  A giant cockroach zombie (D:5)
  8 kobolds
  A quokka skeleton (D:4)
  4 rats
262 creatures vanquished.

Vanquished Creatures (collateral kills)
  A two-headed ogre (D:8)
  A wyvern (D:12)
  A yak (Lair:1)
  2 sky beasts
  An orc warrior (D:6)
  An ice beast (IceCv)
  An eye of draining (D:9)
  6 ogres
  A phantom (D:7)
  2 centaurs
  Blork the orc (D:4)
  A wight (D:6)
  A quasit (D:6)
  2 orc priests
  A hound (D:3)
  A bullfrog skeleton (D:9)
  Natasha (twice) (D:2)
  4 orc wizards
  2 hound skeletons
  A howler monkey zombie (D:9)
  4 adders
  6 gnolls
  An ufetubus (D:7)
  A worm (D:3)
  A dart slug (D:1)
  2 leopard geckos (D:1)
  8 orcs
  2 bats
  A giant cockroach (D:1)
  A goblin (D:2)
  2 hobgoblins
  4 jackals
  9 kobolds
  A quokka (D:3)
  2 ball pythons
  A frilled lizard (D:1)
79 creatures vanquished.

Vanquished Creatures (others)
  A human (D:5)
  2 fungi (Lair:1)
  42 plants
45 creatures vanquished.

Grand Total: 386 creatures vanquished

Notes
Turn   | Place    | Note
-------+----------+-------------------------------------------
     0 | D:1      | om the Merfolk Summoner began the quest for the Orb.
     0 | D:1      | Reached XP level 1. HP: 13/13 MP: 3/3
    88 | D:1      | Reached XP level 2. HP: 2/19 MP: 0/5
   421 | D:1      | Reached skill level 3 in Dodging
   700 | D:1      | Learned a level 2 spell: Call Imp
  1142 | D:1      | Reached XP level 3. HP: 20/24 MP: 6/6
  1558 | D:2      | Noticed Natasha
  1664 | D:2      | Killed Natasha
  1729 | D:2      | Noticed Natasha
  1738 | D:2      | Killed Natasha
  1738 | D:2      | Reached XP level 4. HP: 28/30 MP: 0/7
  2507 | D:2      | Noticed Natasha
  2517 | D:2      | Killed Natasha
  4469 | D:3      | Reached XP level 5. HP: 35/35 MP: 4/9
  4530 | D:3      | Reached skill level 5 in Summonings
  4893 | D:3      | Reached skill level 4 in Dodging
  5410 | D:4      | Noticed Blork the orc
  5420 | D:4      | Killed Blork the orc
  6329 | D:4      | Found a bloodstained altar of Trog.
  6329 | D:4      | Found a stormy altar of Qazlal.
  6330 | D:4      | Found an iron altar of Okawaru.
  6330 | D:4      | Noticed an ogre
  6344 | D:4      | Killed an ogre
  6344 | D:4      | Reached skill level 1 in Evocations
  6344 | D:4      | Reached XP level 6. HP: 41/41 MP: 2/10
  6886 | D:4      | Reached skill level 5 in Dodging
  7271 | D:4      | Found a staircase to the Ecumenical Temple.
  7364 | D:4      | Found a runed translucent door.
  7372 | D:4      | Noticed somkeydreadnuts's ghost (amateur DDTm)
  7398 | D:5      | Entered Level 5 of the Dungeon
  7782 | D:5      | Noticed a two-headed ogre
  7801 | D:5      | Killed a two-headed ogre
  7801 | D:5      | Reached skill level 6 in Dodging
  7801 | D:5      | Reached skill level 5 in Stealth
  7801 | D:5      | Reached skill level 5 in Evocations
  7801 | D:5      | Reached XP level 7. HP: 46/46 MP: 1/11
  7801 | D:5      | Reached XP level 8. HP: 52/52 MP: 1/12
  8139 | D:5      | Got a masterwork leather armour
  8150 | D:5      | Identified the +2 leather armour "Cifaetom" {rF- rC+ rN+}
                  | (You found it on level 5 of the Dungeon)
  8242 | D:5      | Reached skill level 5 in Polearms
  9195 | D:5      | Found an ancient bone altar of Kikubaaqudgha.
  9407 | D:6      | Reached skill level 7 in Dodging
  9468 | D:6      | Found a broken altar of Ashenzari.
  9797 | D:6      | Found a glowing silver altar of Zin.
 10133 | D:6      | Got a crystal dagger
 10134 | D:6      | Identified the +4 dagger "Hieph" {freeze, rF+ MR+ Str-2}
                  | (You found it on level 6 of the Dungeon)
 10166 | D:6      | Reached skill level 8 in Dodging
 10166 | D:6      | Reached XP level 9. HP: 48/66 MP: 4/13
 10166 | D:6      | Reached skill level 5 in Fighting
 10187 | D:6      | Reached skill level 9 in Dodging
 10938 | D:7      | Reached skill level 10 in Dodging
 12186 | D:8      | Found an ancient bone altar of Kikubaaqudgha.
 12278 | D:8      | HP: 3/68 [orc priest/divine providence (10)]
 13104 | D:8      | Noticed a two-headed ogre
 13469 | D:8      | Killed a two-headed ogre
 13469 | D:8      | Reached skill level 11 in Dodging
 13469 | D:8      | Reached XP level 10. HP: 28/76 MP: 4/14
 13703 | D:8      | Upgraded the game from 0.26-a0-667-g92642533e4 to
                  | 0.26-a0-672-g1df16c3386
 14095 | D:9      | Noticed a two-headed ogre
 14150 | D:8      | Killed a two-headed ogre
 14438 | D:9      | Found a blossoming altar of Fedhas.
 14464 | D:9      | Reached skill level 12 in Dodging
 14602 | D:9      | Noticed a two-headed ogre
 14654 | D:9      | Killed a two-headed ogre
 14654 | D:9      | Reached skill level 10 in Polearms
 15119 | D:9      | Found a basalt altar of Yredelemnul.
 15587 | D:10     | Entered Level 10 of the Dungeon
 15737 | Temple   | Entered the Ecumenical Temple
 15947 | D:9      | Became a worshipper of Fedhas Madash
 16013 | D:10     | Reached skill level 1 in Invocations
 16229 | D:10     | Reached skill level 13 in Dodging
 16285 | D:10     | Reached XP level 11. HP: 77/84 MP: 11/15
 16326 | D:10     | Noticed a queen ant
 16358 | D:9      | Learned a level 3 spell: Call Canine Familiar
 16363 | D:9      | Learned a level 4 spell: Summon Lightning Spire
 16977 | D:10     | Reached skill level 1 in Air Magic
 17007 | D:10     | Reached * piety under Fedhas
 17630 | D:10     | Reached ** piety under Fedhas
 18177 | D:10     | Found a staircase to the Orcish Mines.
 18505 | D:10     | Found a staircase to the Lair.
 18631 | Lair:1   | Entered Level 1 of the Lair of Beasts
 18660 | Lair:1   | Reached skill level 5 in Invocations
 19761 | D:10     | Noticed a two-headed ogre
 19769 | D:10     | Killed a two-headed ogre
 19769 | D:10     | Reached skill level 14 in Dodging
 20205 | D:11     | Noticed a manticore
 20234 | D:11     | Killed a manticore
 20681 | D:11     | Noticed a cyan ugly thing
 20760 | D:11     | Killed a cyan ugly thing
 20852 | D:11     | Reached XP level 12. HP: 30/91 MP: 16/16
 21121 | D:11     | Got a translucent great mace
 21209 | D:11     | Reached *** piety under Fedhas
 21762 | D:11     | Noticed Harold
 21789 | D:11     | Killed Harold
 21922 | D:11     | Noticed a seven-headed hydra
 22410 | D:11     | Noticed a two-headed ogre
 22434 | D:11     | Killed a two-headed ogre
 22482 | D:11     | Reached skill level 15 in Dodging
 22577 | D:11     | Noticed a sun demon
 22613 | D:11     | Found a hazy altar of Hepliaklqana.
 22630 | D:11     | Got a steaming hand axe
 22631 | D:11     | Identified the +4 hand axe of Fortitude {flame, Int+3} (You
                  | found it on level 11 of the Dungeon)
 22953 | D:12     | Found a frozen archway.
 23127 | IceCv    | Entered an ice cave
 23755 | IceCv    | HP: 3/91 [something] (5)]
 24556 | IceCv    | Noticed an ice dragon
 24557 | IceCv    | Noticed an ice dragon
 24576 | IceCv    | HP: 3/91 [ice dragon (10)]
 24576 | IceCv    | Slain by an ice dragon

Illustrated notes

Levels and vault maps discovered:
D:1:      lemuel_arrival_tunnels, layout_basic
D:2:      layout_loops_ring, uniq_natasha
D:3:      layout_basic
D:4:      layout_loops_corners, chequers_temple_overflow_statue_of_worship,
          minmay_temple_entry_nine_rooms, ebering_ghost_reflecting_pool,
          uniq_blork_the_orc
D:5:      layout_loops_ring, tgw_kikubaaqudgha
D:6:      layout_rooms, kennysheep_little_box, kennysheep_mini_moat
D:7:      layout_loops_cross
D:8:      layout_basic, lemuel_round_altar
D:9:      layout_basic, fedhas_altar_1, marbit_many_paths
D:10:     layout_basic, david_lair_shrubbed, erik_orc_4, minivault_29
D:11:     hangedman_cross_cluster, layout_gridville, basic_altar,
          evilmike_butchery, uniq_harold
D:12:     layout_basic, portal_ice_cave_entry_ice_beasts
Temple:   nicolae_temple_great_sept
Lair:1:   layout_gridlike, st_stairs_12, serial_bayou_shore_a
IceCv:    ice_cave_small_dragons

Skill      XL: |  1  2  3  4  5  6  7  8  9 10 11 12 |
---------------+-------------------------------------+-----
Dodging        | 3 4 6 8 11 13 14 15 | 15.3
Stealth        | 3 4 5 |  5.0
Summonings     | 5 7 9 |  9.1
Spellcasting   | 3 |  3.0
Evocations     | 1 5 |  5.0
Polearms       | 4 5 7 10 | 10.0
Fighting       | 4 6 7 |  7.0
Invocations    | 2 6 |  6.0
Air Magic      | 2 3 |  3.9

Action                   |  1- 3 |  4- 6 |  7- 9 | 10-12 || total
-------------------------+-------+-------+-------+-------++-------
Melee: Unarmed           |     4 |       |       |       ||     4
       Short sword       |    52 |   119 |       |       ||   171
       Spear             |       |    51 |   342 |  1312 ||  1705
       Tailslap          |       |       |       |     1 ||     1
 Cast: Summon Small Mamm |    24 |    32 |    28 |     7 ||    91
       Call Imp          |    10 |    34 |    62 |    51 ||   157
       Call Canine Famil |       |       |       |    12 ||    12
       Summon Lightning  |       |       |       |     1 ||     1
Invok: Wall of Briars    |       |       |       |    11 ||    11
       Grow Ballistomyce |       |       |       |     1 ||     1
Evoke: Wand              |       |     1 |     2 |    19 ||    22
  Use: Scroll            |       |     3 |     8 |    11 ||    22
       Potion            |       |       |     3 |     3 ||     6
 Stab: Sleeping          |     3 |     3 |    13 |    27 ||    46
       Distracted        |       |     2 |     8 |     5 ||    15
Armor: Robe              |    22 |    59 |    44 |    48 ||   173
       Troll leather arm |       |       |       |    89 ||    89
Dodge: Dodged            |    68 |   166 |   201 |  1158 ||  1593

Table legend: (Time is in decaauts)
 A = Elapsed time spent in this place.
 B = Non-inter-level travel time spent in this place.
 C = Inter-level travel time spent in this place.
 D = Time resting spent in this place.
 E = Time spent auto-exploring this place.
 F = Levels seen in this place.
 G = Mean time per level.
                   A        B        C        D        E       F      G
               +--------+--------+--------+--------+--------+-----+--------+
         Total |  24021 |  23178 |    843 |   8978 |  10037 |  15 | 1601.4 |
       Dungeon |  21984 |  21190 |    794 |   7714 |   9724 |  12 | 1832.0 |
        Temple |     81 |     67 |     14 |      0 |     67 |   1 |   81.0 |
          Lair |    610 |    576 |     34 |    282 |    210 |   1 |  610.0 |
      Ice Cave |   1344 |   1344 |      0 |    981 |     36 |   1 | 1344.0 |
               +--------+--------+--------+--------+--------+-----+--------+

Top non-repeatable levels by time:
    D:10: 3468 daAuts
     D:2: 2846 daAuts
    D:11: 2297 daAuts
     D:4: 2065 daAuts
     D:5: 2003 daAuts
     D:9: 1811 daAuts
     D:8: 1774 daAuts
     D:6: 1560 daAuts
     D:7: 1480 daAuts
   IceCv: 1344 daAuts
     D:1: 1313 daAuts
     D:3: 1257 daAuts
  Lair:1: 610 daAuts
    D:12: 106 daAuts
  Temple: 81 daAuts
